Map: Pillars of Gold LE

Players

RiSky

  • Race: Zerg Zerg
  • Spawn Location: 1:00

MeomaikA - Winner!

  • Race: Zerg Zerg
  • League: Grandmaster
  • Spawn Location: 7:00

Event: DreamHack SC2 Masters 2020 Fall

VOD

Have the link to the VOD?

Description

Time

  • Played on: Aug. 29, 2020, 5:32 a.m.
  • Length: 10:03

All games in this series

Show
View Real Time Build Order
Export as new Build Order

RiSky Zerg 

Build Orders: Hatch First 

Get SALT Encoding   

  12  0:00  Drone  
  13  0:13  Overlord  
  13  0:17  Drone  
  14  0:31  Drone x2  
  16  0:49  Hatchery  
  15  0:52  Drone  
  15  0:56  Drone  
  17  1:00  Drone  
  18  1:10  Extractor  
  17  1:15  Spawning Pool  
  17  1:18  Drone  
  17  1:22  Drone  
  18  1:28  Drone  
  19  1:39  Drone  
  20  1:50  Overlord  
  20  2:02  Queen x2  
  20  2:03  Zergling x4  
  26  2:14  Drone x2  
  28  2:22  Drone  
  29  2:23  Drone  
  30  2:36  Drone  
  31  2:37  Queen  
  32  2:44  Overlord  
  32  2:46  Drone  
  33  2:54  Drone x2, Evolution Chamber  
  33  2:57  Drone  
  35  3:05  Drone  
  36  3:08  Drone  
  36  3:10  Roach Warren  
  36  3:13  Drone x3  
  36  3:16  Drone x2  
  41  3:23  Overlord  
  41  3:26  Drone  
  42  3:32  Evolution Chamber  
  42  3:33  Metabolic Boost  
  41  3:35  Drone  
  41  3:37  Drone  
  41  3:39  Drone  
  44  3:41  Drone  
  44  3:43  Drone  
  44  3:45  Drone x2  
  48  3:49  Overlord  
  48  4:00  Zergling x6  
  48  4:01  Extractor  
  50  4:04  Overlord  
  50  4:07  Zergling x4  
  52  4:12  Spine Crawler  
  52  4:14  Roach x3  
  57  4:21  Roach  
  57  4:22  Evolution Chamber  
  57  4:23  Overlord  
  58  4:26  Spine Crawler  
  58  4:30  Roach  
  59  4:35  Ravager  
  59  4:36  Overlord  
  60  4:42  Roach x2  
  60  4:43  Roach  
  66  4:47  Roach  
  68  4:55  Zergling x8  
  68  4:59  Zergling x6  
  75  5:03  Zergling x2  
  76  5:10  Lair  
  76  5:14  Zerg Missile Weapons Level 1  
  76  5:17  Extractor  
  76  5:18  Extractor, Overlord  
  74  5:24  Overlord  
  74  5:27  Drone  
  74  5:28  Overlord  
  74  5:31  Drone  
  75  5:40  Roach x2  
  72  5:47  Roach  
  72  5:49  Evolution Chamber  
  58  5:51  Roach x3  
  58  5:55  Roach  
  66  5:59  Roach x2  
  66  6:03  Roach  
  64  6:13  Drone  
  64  6:16  Spire  
  64  6:17  Drone x3  
  65  6:20  Drone  
  65  6:24  Overseer  
  66  6:25  Drone  
  66  6:31  Drone  
  68  6:34  Glial Reconstitution  
  68  6:36  Drone  
  69  6:40  Drone  
  69  6:41  Drone x3  
  73  6:49  Drone  
  73  6:50  Drone  
  73  6:52  Drone  
  73  6:53  Drone  
  77  6:58  Roach  
  79  7:05  Roach  
  79  7:08  Overlord  
  81  7:12  Hatchery  
  81  7:15  Overlord  
  80  7:27  Overlord x2  
  80  7:29  Mutalisk x3  
  80  7:30  Mutalisk  
  80  7:36  Mutalisk  
  80  7:37  Mutalisk x2  
  88  7:41  Hatchery  
  93  7:48  Mutalisk  
  95  7:54  Overlord  
  95  8:00  Roach x4  
  103  8:07  Roach x2  
  103  8:08  Roach x2  
  111  8:13  Roach  
  111  8:17  Roach x2  
  111  8:18  Roach x2  
  121  8:25  Mutalisk, Hatchery  
  123  8:44  Drone  
  123  8:45  Overlord  
  122  8:48  Overlord  
  122  8:51  Roach x3  
  112  8:58  Roach x2  
  94  9:03  Roach  
  76  9:12  Roach x2  
  73  9:19  Roach  
  73  9:22  Roach  
Show
View Real Time Build Order
Export as new Build Order

MeomaikA Zerg - Winner!

Build Orders: Pool First 

Get SALT Encoding   

  12  0:00  Drone  
  13  0:07  Drone  
  14  0:17  Overlord  
  14  0:24  Drone, Extractor  
  15  0:35  Drone x2  
  17  0:46  Spawning Pool  
  17  0:49  Drone  
  17  1:10  Hatchery  
  16  1:13  Drone  
  16  1:15  Extractor  
  16  1:18  Drone  
  17  1:32  Zergling x4  
  19  1:34  Queen  
  19  1:38  Drone  
  22  1:47  Overlord  
  22  2:07  Drone  
  23  2:10  Queen  
  23  2:11  Drone  
  23  2:14  Metabolic Boost  
  26  2:20  Drone  
  26  2:21  Drone  
  28  2:31  Drone, Queen  
  28  2:36  Drone  
  32  2:42  Drone  
  32  2:43  Drone  
  33  2:44  Drone  
  34  2:53  Roach Warren  
  34  2:58  Drone x2  
  35  3:01  Drone  
  36  3:06  Overlord  
  36  3:14  Overlord  
  36  3:15  Overlord  
  36  3:35  Roach x6  
  36  3:37  Roach  
  36  3:40  Roach  
  52  3:43  Roach  
  52  3:45  Zergling x2  
  52  3:48  Zergling x2  
  56  3:49  Zergling x2  
  56  3:51  Zergling x2  
  56  3:54  Zergling x2  
  59  3:59  Zergling x2  
  60  4:06  Overlord  
  60  4:19  Overlord  
  60  4:20  Overlord  
  60  4:26  Zergling x6  
  60  4:28  Zergling x2  
  60  4:31  Zergling x2  
  65  4:33  Zergling x2  
  65  4:34  Hatchery  
  65  4:36  Zergling x2  
  65  4:38  Zergling x2  
  67  4:39  Zergling x2  
  67  4:41  Zergling x2  
  67  4:43  Zergling x2  
  70  4:48  Zergling x4  
  72  4:58  Zergling x4  
  72  4:59  Zergling x4  
  76  5:01  Drone  
  77  5:10  Drone  
  77  5:11  Drone  
  77  5:21  Drone  
  77  5:24  Zergling x2  
  77  5:31  Zergling x2  
  77  5:32  Queen x2  
  77  5:33  Zergling x2  
  77  5:34  Zergling x4  
  77  5:35  Zergling x2  
  84  5:39  Zergling x2  
  84  5:40  Zergling x2  
  82  5:44  Zergling x2  
  82  5:45  Zergling x2  
  80  5:55  Zergling x2  
  80  5:57  Zergling x2  
  80  6:00  Zergling x2  
  80  6:01  Zergling x4  
  80  6:03  Zergling x6  
  80  6:08  Queen  
  80  6:10  Drone x2  
  81  6:13  Ravager x2  
  81  6:17  Lair  
  83  6:25  Extractor  
  83  6:26  Drone  
  83  6:27  Extractor  
  83  6:28  Drone  
  83  6:30  Overlord  
  83  6:31  Overlord, Hatchery  
  82  6:42  Drone  
  82  6:43  Overlord  
  83  6:48  Drone x4  
  83  6:49  Drone  
  83  6:51  Ravager x2  
  90  6:56  Drone  
  90  6:59  Drone x5  
  90  7:00  Drone  
  90  7:01  Drone  
  98  7:08  Drone  
  99  7:14  Overlord  
  99  7:19  Drone  
  99  7:22  Overlord  
  100  7:26  Roach  
  100  7:27  Glial Reconstitution, Roach x2  
  106  7:32  Roach x2  
  106  7:33  Roach x2  
  114  7:39  Roach  
  116  7:44  Roach x2  
  116  7:48  Roach  
  122  7:52  Roach  
  122  7:54  Roach  
  122  7:55  Roach  
  122  7:57  Roach  
  130  8:01  Overlord x3  
  129  8:06  Overlord  
  129  8:07  Overlord  
  129  8:09  Spore Crawler  
  129  8:12  Spore Crawler  
  127  8:19  Zergling x12  
  127  8:22  Zergling x4  
  123  8:27  Zergling x6  
  123  8:30  Zergling x4  
  123  8:32  Zergling x2  
  123  8:33  Zergling x2  
  130  8:35  Zergling x2  
  130  8:36  Zergling x2  
  130  8:39  Zergling x2  
  130  8:40  Zergling x2  
  129  8:42  Zergling x2  
  129  8:48  Zergling x4  
  125  8:50  Zergling x2  
  125  8:52  Zergling x2  
  125  8:54  Zergling x2  
  108  8:56  Zergling x2  
  108  9:01  Zergling x2  
  108  9:02  Zergling x4  
  93  9:12  Zergling x2  
  93  9:13  Zergling x4  
  93  9:16  Zergling x2  
  97  9:17  Zergling x4  
  97  9:23  Zergling x2  
  88  9:24  Zergling x4  
  85  9:34  Zergling x6  
  84  9:46  Zergling x2  

Tags
 
Add a new tag
Caveats
  • Supply blocks, unpowered buildings, or Contaminate may cause inaccurate times.
  • Supply counts are checked every 10 seconds.